 Dungeon Crawl Stone Soup version 0.27.1-3-gb3d3a73c9e (webtiles) character file.

Game seed: 1205305240243214926

2 Descartes the Sneak (level 1, 0/11 HPs)
             Began as a Spriggan Delver on Oct 18, 2021.
             Slain by an orc (5 damage)
             ... on level 2 of the Dungeon.
             The game lasted 00:01:33 (218 turns).

Descartes the Sneak (Spriggan Delver)                Turns: 218, Time: 00:01:34

Health: 0/11       AC:  2    Str:  8    XL:     1   Next: 25%
Magic:  2/2        EV: 17    Int: 11    God:
Gold:   0          SH:  0    Dex: 16    Spells: 0/0 levels left

rFire    . . .     SeeInvis +   a - +0 short sword
rCold    . . .     Faith    .   (shield restricted)
rNeg     . . .     Spirit   .   b - +0 robe
rPois    .         Reflect  .   (helmet restricted)
rElec    .         Harm     .   (no cloak)
rCorr    .         Rampage  .   (gloves unavailable)
Will     .....                  (boots unavailable)
Stlth    ++++......             (no amulet)
HPRegen  0.03/turn              (no ring)
MPRegen  0.08/turn              (no ring)

@: very quick
A: very small, no large weapons, unfitting armour, see invisible, speed 3
a: no special abilities


You were on level 2 of the Dungeon.
You visited 2 branches of the dungeon, and saw 5 of its levels.

Inventory:

Hand Weapons
 a - a +0 short sword (weapon)
Armour
 b - a +0 robe (worn)
Wands
 g - a wand of digging (3)
Scrolls
 c - a scroll of fog
 d - a scroll of magic mapping
 e - a scroll of fear
Potions
 f - a potion of haste


   Skills:
 + Level 2.4 Fighting
 + Level 2.2 Short Blades
 + Level 2.7 Dodging
 + Level 7.2 Stealth


You couldn't memorise any spells.
You didn't know any spells.
Your spell library was empty.

Dungeon Overview and Level Annotations

Branches:
Dungeon (5/15)             Temple (1/1) D:4

Altars:
Dithmenos
Elyvilon
Fedhas
Makhleb
Okawaru
Ru
Sif Muna
Trog
Uskayaw
Wu Jian
Xom
Yredelemnul
The Shining One

Annotations:
D:2 Terence


Innate Abilities, Weirdness & Mutations

You are very small and have problems with some larger weapons.
You are too small for most types of armour.
You have supernaturally acute eyesight. (SInv)
You cover ground extremely quickly. (Speed+++)


Message History

No target in view!
No target in view!
No target in view!
No target in view!
No target in view!
No target in view!
No target in view!
Things that are here:
a +0 dagger; 4 stones You see here a +0 pair of boots.
An orc comes into view. It is wielding a +0 mace.
A frilled lizard and Terence come into view.
The frilled lizard hisses angrily.
An orc comes into view. It is wielding a +0 club.
Found 6 gold pieces.
An endoplasm comes into view.
The orc shouts! x2; You hear a shout!
Terence shouts!
You hear a shout! x2
You hear an angry hiss.
A goblin and an orc come into view.
Found a stone staircase leading up.
An orc comes into view. It is wielding a +0 hand axe.
A rat comes into view.
Terence shouts, "DIE!!!"
The goblin moves out of view.
You barely miss the orc. The orc hits you with a +0 mace.
Ouch! That really hurt!
You are too injured to fight recklessly!
You are too injured to fight recklessly!
You are too injured to fight recklessly!
You are too injured to fight recklessly!
You are too injured to fight recklessly!
You are too injured to fight recklessly!
You are too injured to fight recklessly!
You are too injured to fight recklessly!
You are too injured to fight recklessly!
You are too injured to fight recklessly!
You are too injured to fight recklessly!
Unknown command.
The orc hits you with a +0 hand axe.
You die...

############# #
#............
###..########.#..[####.##
.......o@l.......##.)..#
.#.<..#####o........####
#....####.....[.####
....o.o.o.l....###
..............>#
.#......@..#.###
......#...#.#
.....##......
....r.......#.


You could see 2 orcs and a frilled lizard.

Vanquished Creatures
  An endoplasm (D:3)
  A kobold (D:2)
2 creatures vanquished.

Notes
Turn   | Place    | Note
-------+----------+-------------------------------------------
     0 | D:5      | Descartes the Spriggan Delver began the quest for the Orb.
     0 | D:5      | Reached XP level 1. HP: 11/11 MP: 2/2
    17 | D:4      | Found a staircase to the Ecumenical Temple.
    19 | D:4      | Noticed a sky beast
    26 | Temple   | Entered the Ecumenical Temple
   203 | D:2      | Noticed Terence
   218 | D:2      | Slain by an orc

Illustrated notes

Levels and vault maps discovered:
D:2:      layout_rooms, uniq_terence
D:3:      layout_loops_cross, nicolae_qazlal_general_emergency,
          nemelex_spade_bored_becter, uniq_sigmund
D:4:      layout_basic, nicolae_vehumet_radiance, minmay_temple_entry_grid,
          kennysheep_big_empty_room
D:5:      layout_loops_corners, mainiacjoe_overflow_small_starburst,
          uniq_grinder
Temple:   nicolae_temple_god_jail

Action                   || total
-------------------------++-------
Melee: Short sword       ||     4
 Stab: Sleeping          ||     1
Dodge: Dodged            ||     1
